RedWings vs Canucks

Created - 26 février 2025 at 20:14

Goals
1 2 3 T
RedWings 0 1 1 2
Canucks 2 3 1 6
Shots
1 2 3 T
RedWings 3 9 7 19
Canucks 9 12 18 39

GoalsPenalties
1st period
1. Canucks , Ryan Nugent-Hopkins 27 (Bowen Byram 25, Martin Necas 23) at 5:39 (PP)
2. Canucks , Jacob Trouba 3 (Martin Necas 24, Ryan Nugent-Hopkins 32) at 11:17
Jason Zucker (VAN) for Hooking (Minor) at 1:59
Gustav Lindstrom (DET) for Hooking (Minor) at 4:57
Jacob Trouba (VAN) for Roughing (Minor) at 6:29
Mark Scheifele (DET) for High sticking (Minor) at 7:59
2nd period
3. RedWings , Stefan Noesen 8 (Phillip Di Giuseppe 8, Scott Perunovich 8) at 2:26
4. Canucks , Mitch Marner 33 (Morgan Rielly 52, Mathew Barzal 29) at 6:55 (PP)
5. Canucks , Jason Zucker 7 (Ryan Nugent-Hopkins 33, J.J. Moser 23) at 14:51
6. Canucks , Mitch Marner 34 (Mathew Barzal 30, Brayden Point 30) at 16:51 (PP)
Mark Giordano (DET) for Hooking (Minor) at 3:31
Mark Giordano (DET) for Roughing (Minor) at 5:48
Gustav Lindstrom (DET) for Holding (Minor) at 12:03
Charlie Lindgren (DET) for Delaying the game (Minor) at 16:45 - Mark Scheifele served the penalty.
3rd period
7. RedWings , David Pastrnak 23 (Gustav Lindstrom 8, Mark Scheifele 13) at 5:08
8. Canucks , Martin Necas 18 (Jason Zucker 7) at 17:51
David Pastrnak (DET) for Roughing (Minor) at 0:08
Goalie Stats
Hunter Shepard (DET), 20 saves from 21 shots - (0,952), 23:09 minutes
Charlie Lindgren (DET), 13 saves from 18 shots - (0,722), L, 19-22-5, 36:51 minutes
Kevin Lankinen (VAN), 17 saves from 19 shots - (0,895), W, 14-13-4, 60:00 minutes
3 StarsOfficial
1 - Martin Necas (VAN)
2 - Ryan Nugent-Hopkins (VAN)
3 - Jason Zucker (VAN)
Referees : TJ Luxmore and Tim Mayer
Linesman : Ryan Daisy and Neil Campbell
Game Note
Hunter Shepard enters game at 16:51 of 2nd period
Finance
Level 1 -- Attendance: 6500 (100,00%) -- Ticket Income $715,000
Level 2 -- Attendance: 4893 (97,86%) -- Ticket Income $415,905
Level 3 -- Attendance: 3387 (96,77%) -- Ticket Income $169,350
Level 4 -- Attendance: 2563 (88,08%) -- Ticket Income $102,520
Luxury Box -- Attendance: 920 (92,00%) -- Ticket Income $184,000
Game was played at the Rogers Arena.
Total Attendance: 18263 (96,58%)
Total Ticket Income: $1,586,775
Other Income: $396,694
Total Income: $1,983,469



Team Name Goals Shots Shots Attemp Shots Blocked PIM HIT PP PK FO%
RedWings 21944914190 / 2 (0%)346%
Canucks 6397874173 / 7 (43%)054%

RedWings
Player Name POS G A P +/- PIM HIT SHT SB MP PP MP PP SHT PK MP PK SHT FO% FOT
David PastrnakRW1010214019:160:0000:000100% 1
Erik KarlssonD000-1032025:491:5914:5200% 0
Evgenii DadonovRW000000000:000:0000:0000% 0
Gustav LindstromD0110411120:041:3003:4300% 0
Logan CoutureC000-2003022:221:3405:26150% 30
Mark GiordanoD000-1440324:051:5903:0200% 0
Mark ScheifeleC0110232021:571:5400:46045% 22
Nick CousinsC000000006:111:3400:00050% 6
Nick FolignoLW000-2040014:430:0000:3700% 1
Nicklas BackstromC0000000124:011:3403:10020% 5
Nikita ZaitsevD0000011119:551:3004:5400% 0
Parker KellyLW000-2011014:060:0000:000100% 1
Patrick BrownC0001001120:291:5505:35045% 11
Phillip Di GiuseppeLW011101108:400:0000:0000% 0
Scott PerunovichD0110000113:180:0000:0000% 0
Simon HolmstromRW000000109:421:5503:10033% 3
Spencer StastneyD0000000116:450:0002:1300% 0
Stefan NoesenRW101100208:400:0000:0000% 0
Canucks
Player Name POS G A P +/- PIM HIT SHT SB MP PP MP PP SHT PK MP PK SHT FO% FOT
Alexander BarabanovLW000002004:530:0000:0700% 0
Boone JennerC0000025017:344:2232:08056% 16
Bowen ByramD0111000123:504:3901:5700% 0
Brayden PointC011-2005021:005:0000:00052% 25
Cody GlassC000000004:460:0000:0000% 0
Conor GarlandRW0000005011:040:0000:0000% 0
Frederick GaudreauC000000206:070:0001:21043% 7
J.J. MoserD0111011015:475:2700:0000% 0
Jacob TroubaD1011222018:330:0001:2000% 0
Jan RuttaD0001000113:000:4801:5200% 0
Jason ZuckerLW1123222016:120:0000:5400% 0
Martin NecasC1233032121:014:3511:07050% 2
Mathew BarzalC022-2000020:315:0000:0000% 0
Mitch MarnerRW202-2016120:474:4740:0000% 3
Morgan RiellyD011-1031324:013:5500:3100% 0
Ryan Nugent-HopkinsC1233002021:024:2211:21063% 27
Samuel GirardD000-1003024:483:5531:1800% 0
Tomas TatarLW0000013011:040:0000:0000% 0



Play-by-Play

1st period


0:01 of 1st period - Mark Scheifele wins face-off versus Brayden Point in neutral zone.
0:44 of 1st period - Shot by David Pastrnak.
0:44 of 1st period - Shot Misses the Net.
1:59 of 1st period - Minor Penalty to Jason Zucker for Hooking.
2:00 of 1st period - Boone Jenner wins face-off versus Simon Holmstrom in Canucks zone.
2:38 of 1st period - Icing by Erik Karlsson.
2:39 of 1st period - Ryan Nugent-Hopkins wins face-off versus Simon Holmstrom in RedWings zone.
2:42 of 1st period - Shot by Frederick Gaudreau.
2:42 of 1st period - Shot Misses the Net.
3:30 of 1st period - Logan Couture is hit by Martin Necas and loses puck.
4:29 of 1st period - Shot by Alexander Barabanov.
4:29 of 1st period - Shot Misses the Net.
4:31 of 1st period - Shot by J.J. Moser.
4:31 of 1st period - Stopped by Charlie Lindgren without a rebound.
4:32 of 1st period - Ryan Nugent-Hopkins wins face-off versus Logan Couture in RedWings zone.
4:37 of 1st period - Shot by Martin Necas.
4:37 of 1st period - Shot Hit the Post.
4:45 of 1st period - Shot by Logan Couture.
4:45 of 1st period - Shot Misses the Net.
4:47 of 1st period - Shot by Parker Kelly.
4:47 of 1st period - Shot Blocked by Morgan Rielly.
4:49 of 1st period - Shot by Logan Couture.
4:49 of 1st period - Shot Misses the Net.
4:51 of 1st period - Shot by Parker Kelly.
4:51 of 1st period - Stopped by Kevin Lankinen without a rebound.
4:52 of 1st period - Boone Jenner wins face-off versus Mark Scheifele in Canucks zone.
4:52 of 1st period - Boone Jenner is hit by David Pastrnak.
4:57 of 1st period - Minor Penalty to Gustav Lindstrom for Hooking.
4:58 of 1st period - Brayden Point wins face-off versus Logan Couture in RedWings zone.
5:12 of 1st period - Mathew Barzal is hit by Erik Karlsson and loses puck.
5:17 of 1st period - Shot by Mitch Marner.
5:17 of 1st period - Stopped by Charlie Lindgren without a rebound.
5:18 of 1st period - Ryan Nugent-Hopkins wins face-off versus Nicklas Backstrom in RedWings zone.
5:39 of 1st period - Shot by Ryan Nugent-Hopkins.
5:39 of 1st period - Goal by Ryan Nugent-Hopkins - RedWings : 0 - Canucks : 1.
5:40 of 1st period - Frederick Gaudreau wins face-off versus Mark Scheifele in neutral zone.
5:56 of 1st period - Shot by Jacob Trouba.
5:56 of 1st period - Shot Misses the Net.
5:58 of 1st period - Shot by Jacob Trouba.
5:58 of 1st period - Shot Blocked by Nicklas Backstrom.
6:21 of 1st period - Mark Scheifele is hit by Jacob Trouba and loses puck.
6:28 of 1st period - David Pastrnak is hit by Alexander Barabanov and loses puck.
6:29 of 1st period - Minor Penalty to Jacob Trouba for Roughing.
6:30 of 1st period - Simon Holmstrom wins face-off versus Boone Jenner in Canucks zone.
6:49 of 1st period - Shot by Erik Karlsson.
6:49 of 1st period - Stopped by Kevin Lankinen without a rebound.
6:50 of 1st period - Logan Couture wins face-off versus Boone Jenner in Canucks zone.
6:51 of 1st period - Shot by Erik Karlsson.
6:51 of 1st period - Shot Misses the Net.
7:19 of 1st period - Erik Karlsson is hit by Morgan Rielly and loses puck.
7:53 of 1st period - Frederick Gaudreau is hit by Mark Scheifele and loses puck.
7:59 of 1st period - Minor Penalty to Mark Scheifele for High sticking.
8:00 of 1st period - Brayden Point wins face-off versus Logan Couture in RedWings zone.
8:07 of 1st period - Shot by Morgan Rielly.
8:07 of 1st period - Stopped by Charlie Lindgren without a rebound.
8:08 of 1st period - Brayden Point wins face-off versus Logan Couture in RedWings zone.
8:37 of 1st period - Shot by Bowen Byram.
8:37 of 1st period - Deflect By Boone Jenner.
8:37 of 1st period - Stopped by Charlie Lindgren without a rebound.
8:38 of 1st period - Martin Necas wins face-off versus Logan Couture in RedWings zone.
8:43 of 1st period - Shot by Boone Jenner.
8:43 of 1st period - Stopped by Charlie Lindgren without a rebound.
8:44 of 1st period - Logan Couture wins face-off versus Mitch Marner in RedWings zone.
9:51 of 1st period - Icing by Samuel Girard.
9:52 of 1st period - Ryan Nugent-Hopkins wins face-off versus Nicklas Backstrom in Canucks zone.
9:57 of 1st period - Shot by Martin Necas.
9:57 of 1st period - Shot Misses the Net.
10:06 of 1st period - Icing by Samuel Girard.
10:07 of 1st period - Boone Jenner wins face-off versus Mark Scheifele in Canucks zone.
10:12 of 1st period - Nicklas Backstrom is hit by Boone Jenner and loses puck.
10:40 of 1st period - Conor Garland is hit by Mark Giordano and loses puck.
10:49 of 1st period - Shot by Conor Garland.
10:49 of 1st period - Shot Misses the Net.
11:03 of 1st period - Shot by Martin Necas.
11:03 of 1st period - Shot Blocked by Mark Giordano.
11:10 of 1st period - Ryan Nugent-Hopkins is hit by Erik Karlsson and loses puck.
11:15 of 1st period - Shot by Martin Necas.
11:15 of 1st period - Shot Misses the Net.
11:17 of 1st period - Shot by Jacob Trouba.
11:17 of 1st period - Goal by Jacob Trouba - RedWings : 0 - Canucks : 2.
11:18 of 1st period - Logan Couture wins face-off versus Mitch Marner in neutral zone.
12:06 of 1st period - Icing by Parker Kelly.
12:07 of 1st period - Ryan Nugent-Hopkins wins face-off versus Logan Couture in RedWings zone.
12:28 of 1st period - Patrick Brown is hit by Jason Zucker.
12:29 of 1st period - Icing by Patrick Brown.
12:30 of 1st period - Boone Jenner wins face-off versus Patrick Brown in RedWings zone.
12:51 of 1st period - Shot by Conor Garland.
12:51 of 1st period - Stopped by Charlie Lindgren without a rebound.
12:52 of 1st period - Mark Scheifele wins face-off versus Ryan Nugent-Hopkins in RedWings zone.
12:52 of 1st period - Mark Scheifele is hit by Martin Necas.
13:07 of 1st period - Shot by Erik Karlsson.
13:07 of 1st period - Shot Misses the Net.
13:09 of 1st period - Shot by Mark Giordano.
13:09 of 1st period - Shot Misses the Net.
13:13 of 1st period - Shot by David Pastrnak.
13:13 of 1st period - Shot Blocked by Bowen Byram.
17:09 of 1st period - Shot by Mark Scheifele.
17:09 of 1st period - Stopped by Kevin Lankinen without a rebound.
17:10 of 1st period - Brayden Point wins face-off versus Patrick Brown in Canucks zone.
18:20 of 1st period - Icing by Bowen Byram.
18:21 of 1st period - Boone Jenner wins face-off versus Mark Scheifele in Canucks zone.
18:51 of 1st period - Shot by Conor Garland.
18:51 of 1st period - Shot Misses the Net.
18:53 of 1st period - Shot by Jacob Trouba.
18:53 of 1st period - Stopped by Charlie Lindgren with a rebound.
Goals for this period are 0 for RedWings vs 2 for Canucks.
Shots for this period are 3 for RedWings vs 9 for Canucks.

2nd period


0:01 of 2nd period - Ryan Nugent-Hopkins wins face-off versus Logan Couture in neutral zone.
0:01 of 2nd period - Ryan Nugent-Hopkins is hit by Nick Foligno.
0:20 of 2nd period - Shot by Ryan Nugent-Hopkins.
0:20 of 2nd period - Shot Misses the Net.
0:25 of 2nd period - Ryan Nugent-Hopkins is hit by Mark Giordano and loses puck.
0:38 of 2nd period - Shot by Jason Zucker.
0:38 of 2nd period - Stopped by Charlie Lindgren with a rebound.
1:24 of 2nd period - Icing by Brayden Point.
1:25 of 2nd period - Mark Scheifele wins face-off versus Brayden Point in Canucks zone.
1:58 of 2nd period - Shot by David Pastrnak.
1:58 of 2nd period - Shot Misses the Net.
2:26 of 2nd period - Shot by Phillip Di Giuseppe.
2:26 of 2nd period - Deflect By Stefan Noesen.
2:26 of 2nd period - Goal by Stefan Noesen - RedWings : 1 - Canucks : 2.
2:27 of 2nd period - Ryan Nugent-Hopkins wins face-off versus Patrick Brown in neutral zone.
2:52 of 2nd period - Shot by Jason Zucker.
2:52 of 2nd period - Shot Misses the Net.
3:08 of 2nd period - Nick Cousins is hit by Jacob Trouba and loses puck.
3:31 of 2nd period - Minor Penalty to Mark Giordano for Hooking.
3:32 of 2nd period - Logan Couture wins face-off versus Ryan Nugent-Hopkins in RedWings zone.
4:01 of 2nd period - Icing by Boone Jenner.
4:02 of 2nd period - Logan Couture wins face-off versus Ryan Nugent-Hopkins in Canucks zone.
4:11 of 2nd period - Shot by Logan Couture.
4:11 of 2nd period - Stopped by Kevin Lankinen with a rebound.
4:28 of 2nd period - Icing by Morgan Rielly.
4:29 of 2nd period - Nicklas Backstrom wins face-off versus Brayden Point in Canucks zone.
4:33 of 2nd period - Icing by Samuel Girard.
4:34 of 2nd period - Brayden Point wins face-off versus Nicklas Backstrom in Canucks zone.
5:48 of 2nd period - Minor Penalty to Mark Giordano for Roughing.
5:49 of 2nd period - Logan Couture wins face-off versus Ryan Nugent-Hopkins in RedWings zone.
6:55 of 2nd period - Shot by Mitch Marner.
6:55 of 2nd period - Goal by Mitch Marner - RedWings : 1 - Canucks : 3.
6:56 of 2nd period - Parker Kelly wins face-off versus Frederick Gaudreau in neutral zone.
7:04 of 2nd period - Shot by Nick Foligno.
7:04 of 2nd period - Deflect By Logan Couture.
7:04 of 2nd period - Stopped by Kevin Lankinen without a rebound.
7:05 of 2nd period - Frederick Gaudreau wins face-off versus Mark Scheifele in Canucks zone.
7:19 of 2nd period - Shot by David Pastrnak.
7:19 of 2nd period - Shot Misses the Net.
7:55 of 2nd period - Mark Giordano is hit by Boone Jenner and loses puck.
8:24 of 2nd period - Shot by Stefan Noesen.
8:24 of 2nd period - Stopped by Kevin Lankinen without a rebound.
8:25 of 2nd period - Ryan Nugent-Hopkins wins face-off versus Logan Couture in Canucks zone.
9:32 of 2nd period - Shot by Phillip Di Giuseppe.
9:32 of 2nd period - Stopped by Kevin Lankinen without a rebound.
9:33 of 2nd period - Boone Jenner wins face-off versus Nick Cousins in Canucks zone.
9:51 of 2nd period - Shot by Boone Jenner.
9:51 of 2nd period - Stopped by Charlie Lindgren without a rebound.
9:52 of 2nd period - Mark Scheifele wins face-off versus Brayden Point in RedWings zone.
10:11 of 2nd period - Icing by Nicklas Backstrom.
10:12 of 2nd period - Ryan Nugent-Hopkins wins face-off versus Mark Scheifele in RedWings zone.
10:12 of 2nd period - Ryan Nugent-Hopkins is hit by Erik Karlsson.
11:09 of 2nd period - Icing by Samuel Girard.
11:10 of 2nd period - Ryan Nugent-Hopkins wins face-off versus Logan Couture in Canucks zone.
11:10 of 2nd period - Ryan Nugent-Hopkins is hit by Nick Foligno.
11:46 of 2nd period - Shot by Parker Kelly.
11:46 of 2nd period - Shot Blocked by Mitch Marner.
12:03 of 2nd period - Minor Penalty to Gustav Lindstrom for Holding.
12:04 of 2nd period - Logan Couture wins face-off versus Ryan Nugent-Hopkins in RedWings zone.
12:19 of 2nd period - Shot by Boone Jenner.
12:19 of 2nd period - Shot Misses the Net.
12:23 of 2nd period - Shot by Bowen Byram.
12:23 of 2nd period - Shot Misses the Net.
12:56 of 2nd period - Icing by Samuel Girard.
12:57 of 2nd period - Logan Couture wins face-off versus Brayden Point in Canucks zone.
13:26 of 2nd period - Shot by Mitch Marner.
13:26 of 2nd period - Stopped by Charlie Lindgren without a rebound.
13:27 of 2nd period - Ryan Nugent-Hopkins wins face-off versus Nicklas Backstrom in RedWings zone.
13:34 of 2nd period - Shot by Ryan Nugent-Hopkins.
13:34 of 2nd period - Shot Misses the Net.
13:36 of 2nd period - Shot by Morgan Rielly.
13:36 of 2nd period - Shot Blocked by Nikita Zaitsev.
13:38 of 2nd period - Shot by Martin Necas.
13:38 of 2nd period - Stopped by Charlie Lindgren without a rebound.
13:39 of 2nd period - Logan Couture wins face-off versus Brayden Point in RedWings zone.
14:33 of 2nd period - Shot by Conor Garland.
14:33 of 2nd period - Stopped by Charlie Lindgren without a rebound.
14:34 of 2nd period - Ryan Nugent-Hopkins wins face-off versus Logan Couture in RedWings zone.
14:47 of 2nd period - Shot by Jan Rutta.
14:47 of 2nd period - Shot Misses the Net.
14:49 of 2nd period - Shot by J.J. Moser.
14:49 of 2nd period - Shot Blocked by Spencer Stastney.
14:51 of 2nd period - Shot by Ryan Nugent-Hopkins.
14:51 of 2nd period - Deflect By Jason Zucker.
14:51 of 2nd period - Goal by Jason Zucker - RedWings : 1 - Canucks : 4.
14:52 of 2nd period - Brayden Point wins face-off versus Patrick Brown in neutral zone.
15:20 of 2nd period - Icing by Jacob Trouba.
15:21 of 2nd period - Brayden Point wins face-off versus Mark Scheifele in Canucks zone.
15:21 of 2nd period - Brayden Point is hit by Mark Scheifele.
15:35 of 2nd period - Shot by David Pastrnak.
15:35 of 2nd period - Stopped by Kevin Lankinen without a rebound.
15:36 of 2nd period - Boone Jenner wins face-off versus Logan Couture in Canucks zone.
15:53 of 2nd period - Shot by Logan Couture.
15:53 of 2nd period - Shot Blocked by Morgan Rielly.
16:45 of 2nd period - Shot by Brayden Point.
16:45 of 2nd period - Deflect By Mitch Marner.
16:45 of 2nd period - Stopped by Charlie Lindgren without a rebound.
16:45 of 2nd period - Minor Penalty to Charlie Lindgren for Delaying the game.
16:46 of 2nd period - Brayden Point wins face-off versus Logan Couture in RedWings zone.
16:49 of 2nd period - Shot by Mathew Barzal.
16:49 of 2nd period - Shot Blocked by Patrick Brown.
16:51 of 2nd period - Shot by Mitch Marner.
16:51 of 2nd period - Goal by Mitch Marner - RedWings : 1 - Canucks : 5.
16:51 of 2nd period - Hunter Shepard enters game.
16:52 of 2nd period - Ryan Nugent-Hopkins wins face-off versus Patrick Brown in neutral zone.
18:02 of 2nd period - Shot by Brayden Point.
18:02 of 2nd period - Stopped by Hunter Shepard without a rebound.
18:03 of 2nd period - Logan Couture wins face-off versus Boone Jenner in RedWings zone.
18:03 of 2nd period - Nick Foligno is hit by Tomas Tatar and loses puck.
18:12 of 2nd period - Shot by Conor Garland.
18:12 of 2nd period - Stopped by Hunter Shepard without a rebound.
18:13 of 2nd period - Brayden Point wins face-off versus Mark Scheifele in RedWings zone.
18:23 of 2nd period - Off-side.
18:24 of 2nd period - Logan Couture wins face-off versus Boone Jenner in neutral zone.
18:33 of 2nd period - Shot by Logan Couture.
18:33 of 2nd period - Stopped by Kevin Lankinen with a rebound.
18:46 of 2nd period - Jan Rutta is hit by Nick Foligno and loses puck.
19:05 of 2nd period - Shot by Jan Rutta.
19:05 of 2nd period - Shot Misses the Net.
19:07 of 2nd period - Shot by Boone Jenner.
19:07 of 2nd period - Stopped by Hunter Shepard with a rebound.
19:37 of 2nd period - Shot by David Pastrnak.
19:37 of 2nd period - Stopped by Kevin Lankinen without a rebound.
19:38 of 2nd period - Patrick Brown wins face-off versus Martin Necas in Canucks zone.
19:41 of 2nd period - Shot by Stefan Noesen.
19:41 of 2nd period - Deflect By Patrick Brown.
19:41 of 2nd period - Stopped by Kevin Lankinen without a rebound.
19:42 of 2nd period - Brayden Point wins face-off versus Mark Scheifele in Canucks zone.
19:49 of 2nd period - Shot by Mitch Marner.
19:49 of 2nd period - Shot Blocked by Mark Giordano.
Goals for this period are 1 for RedWings vs 3 for Canucks.
Shots for this period are 9 for RedWings vs 12 for Canucks.

3rd period


0:01 of 3rd period - Mark Scheifele wins face-off versus Brayden Point in neutral zone.
0:08 of 3rd period - Minor Penalty to David Pastrnak for Roughing.
0:09 of 3rd period - Logan Couture wins face-off versus Mitch Marner in RedWings zone.
0:36 of 3rd period - Shot by Samuel Girard.
0:36 of 3rd period - Stopped by Hunter Shepard with a rebound.
0:38 of 3rd period - Shot by Samuel Girard.
0:38 of 3rd period - Stopped by Hunter Shepard without a rebound.
0:39 of 3rd period - Ryan Nugent-Hopkins wins face-off versus Logan Couture in RedWings zone.
0:49 of 3rd period - Shot by Bowen Byram.
0:49 of 3rd period - Shot Misses the Net.
0:51 of 3rd period - Shot by Boone Jenner.
0:51 of 3rd period - Stopped by Hunter Shepard without a rebound.
0:52 of 3rd period - Brayden Point wins face-off versus Logan Couture in RedWings zone.
1:21 of 3rd period - Shot by Samuel Girard.
1:21 of 3rd period - Stopped by Hunter Shepard without a rebound.
1:22 of 3rd period - Patrick Brown wins face-off versus Ryan Nugent-Hopkins in RedWings zone.
1:22 of 3rd period - Patrick Brown is hit by Martin Necas.
2:06 of 3rd period - Shot by J.J. Moser.
2:06 of 3rd period - Shot Misses the Net.
2:30 of 3rd period - Shot by David Pastrnak.
2:30 of 3rd period - Shot Blocked by Morgan Rielly.
2:44 of 3rd period - Shot by Nicklas Backstrom.
2:44 of 3rd period - Shot Misses the Net.
3:12 of 3rd period - Shot by Cody Glass.
3:12 of 3rd period - Shot Misses the Net.
3:14 of 3rd period - Shot by Frederick Gaudreau.
3:14 of 3rd period - Stopped by Hunter Shepard without a rebound.
3:15 of 3rd period - Patrick Brown wins face-off versus Boone Jenner in RedWings zone.
3:36 of 3rd period - Shot by Scott Perunovich.
3:36 of 3rd period - Shot Blocked by Jan Rutta.
3:42 of 3rd period - Shot by Phillip Di Giuseppe.
3:42 of 3rd period - Shot Misses the Net.
3:50 of 3rd period - Shot by Stefan Noesen.
3:50 of 3rd period - Shot Misses the Net.
3:52 of 3rd period - Shot by Nikita Zaitsev.
3:52 of 3rd period - Stopped by Kevin Lankinen without a rebound.
3:53 of 3rd period - Ryan Nugent-Hopkins wins face-off versus Logan Couture in Canucks zone.
5:08 of 3rd period - Shot by David Pastrnak.
5:08 of 3rd period - Goal by David Pastrnak - RedWings : 2 - Canucks : 5.
5:09 of 3rd period - Patrick Brown wins face-off versus Boone Jenner in neutral zone.
5:18 of 3rd period - Shot by Conor Garland.
5:18 of 3rd period - Stopped by Hunter Shepard with a rebound.
5:20 of 3rd period - Shot by J.J. Moser.
5:20 of 3rd period - Shot Misses the Net.
5:22 of 3rd period - Shot by Boone Jenner.
5:22 of 3rd period - Shot Misses the Net.
5:24 of 3rd period - Shot by Boone Jenner.
5:24 of 3rd period - Shot Misses the Net.
5:30 of 3rd period - Shot by Tomas Tatar.
5:30 of 3rd period - Stopped by Hunter Shepard without a rebound.
5:31 of 3rd period - Mark Scheifele wins face-off versus Brayden Point in RedWings zone.
6:07 of 3rd period - David Pastrnak is hit by Morgan Rielly and loses puck.
6:32 of 3rd period - Shot by Martin Necas.
6:32 of 3rd period - Shot Misses the Net.
6:50 of 3rd period - Off-side.
6:51 of 3rd period - Logan Couture wins face-off versus Boone Jenner in neutral zone.
6:56 of 3rd period - Jan Rutta is hit by Nick Foligno and loses puck.
7:28 of 3rd period - Tomas Tatar is hit by Mark Giordano and loses puck.
8:21 of 3rd period - Shot by Martin Necas.
8:21 of 3rd period - Shot Blocked by Mark Giordano.
8:23 of 3rd period - Shot by Ryan Nugent-Hopkins.
8:23 of 3rd period - Shot Misses the Net.
8:44 of 3rd period - Off-side.
8:45 of 3rd period - Frederick Gaudreau wins face-off versus Patrick Brown in neutral zone.
8:54 of 3rd period - Shot by Frederick Gaudreau.
8:54 of 3rd period - Stopped by Hunter Shepard without a rebound.
8:55 of 3rd period - Mark Scheifele wins face-off versus Brayden Point in RedWings zone.
9:02 of 3rd period - Shot by David Pastrnak.
9:02 of 3rd period - Shot Misses the Net.
9:04 of 3rd period - Shot by Mark Scheifele.
9:04 of 3rd period - Shot Misses the Net.
9:08 of 3rd period - Shot by Mark Scheifele.
9:08 of 3rd period - Stopped by Kevin Lankinen without a rebound.
9:09 of 3rd period - Patrick Brown wins face-off versus Frederick Gaudreau in Canucks zone.
9:30 of 3rd period - Patrick Brown is hit by Alexander Barabanov and loses puck.
10:06 of 3rd period - Samuel Girard is hit by Nikita Zaitsev and loses puck.
10:41 of 3rd period - Icing by Bowen Byram.
10:42 of 3rd period - Ryan Nugent-Hopkins wins face-off versus Mark Scheifele in Canucks zone.
10:42 of 3rd period - Ryan Nugent-Hopkins is hit by Mark Scheifele.
10:55 of 3rd period - Icing by Spencer Stastney.
10:56 of 3rd period - Brayden Point wins face-off versus Mark Scheifele in RedWings zone.
10:57 of 3rd period - Shot by Mitch Marner.
10:57 of 3rd period - Shot Blocked by Gustav Lindstrom.
11:03 of 3rd period - Shot by David Pastrnak.
11:03 of 3rd period - Stopped by Kevin Lankinen with a rebound.
11:09 of 3rd period - Shot by Nicklas Backstrom.
11:09 of 3rd period - Shot Misses the Net.
11:20 of 3rd period - Icing by Spencer Stastney.
11:21 of 3rd period - Boone Jenner wins face-off versus Mark Scheifele in RedWings zone.
11:44 of 3rd period - Shot by Tomas Tatar.
11:44 of 3rd period - Shot Misses the Net.
11:46 of 3rd period - Shot by Tomas Tatar.
11:46 of 3rd period - Stopped by Hunter Shepard without a rebound.
11:47 of 3rd period - Logan Couture wins face-off versus Ryan Nugent-Hopkins in RedWings zone.
11:47 of 3rd period - Erik Karlsson is hit by Jason Zucker and loses puck.
12:29 of 3rd period - Samuel Girard is hit by Parker Kelly and loses puck.
12:50 of 3rd period - Shot by Mitch Marner.
12:50 of 3rd period - Shot Blocked by Scott Perunovich.
12:52 of 3rd period - Shot by Mitch Marner.
12:52 of 3rd period - Shot Misses the Net.
12:59 of 3rd period - Icing by Scott Perunovich.
13:00 of 3rd period - Boone Jenner wins face-off versus Nick Cousins in RedWings zone.
13:07 of 3rd period - Shot by Conor Garland.
13:07 of 3rd period - Shot Misses the Net.
13:25 of 3rd period - Shot by Conor Garland.
13:25 of 3rd period - Stopped by Hunter Shepard with a rebound.
13:27 of 3rd period - Shot by Tomas Tatar.
13:27 of 3rd period - Stopped by Hunter Shepard with a rebound.
13:29 of 3rd period - Shot by Boone Jenner.
13:29 of 3rd period - Shot Misses the Net.
13:31 of 3rd period - Shot by Boone Jenner.
13:31 of 3rd period - Shot Misses the Net.
13:52 of 3rd period - Icing by Nikita Zaitsev.
13:53 of 3rd period - Nick Cousins wins face-off versus Brayden Point in RedWings zone.
14:00 of 3rd period - Shot by Brayden Point.
14:00 of 3rd period - Stopped by Hunter Shepard without a rebound.
14:01 of 3rd period - Mark Scheifele wins face-off versus Brayden Point in RedWings zone.
14:19 of 3rd period - Shot by David Pastrnak.
14:19 of 3rd period - Shot Misses the Net.
14:21 of 3rd period - Shot by David Pastrnak.
14:21 of 3rd period - Shot Misses the Net.
14:23 of 3rd period - Shot by Erik Karlsson.
14:23 of 3rd period - Stopped by Kevin Lankinen without a rebound.
14:24 of 3rd period - Logan Couture wins face-off versus Ryan Nugent-Hopkins in Canucks zone.
14:27 of 3rd period - Shot by Nick Foligno.
14:27 of 3rd period - Shot Blocked by Martin Necas.
14:30 of 3rd period - Icing by Ryan Nugent-Hopkins.
14:31 of 3rd period - Mark Scheifele wins face-off versus Ryan Nugent-Hopkins in Canucks zone.
15:16 of 3rd period - Shot by Ryan Nugent-Hopkins.
15:16 of 3rd period - Shot Misses the Net.
16:14 of 3rd period - Mark Giordano is hit by Mitch Marner and loses puck.
17:00 of 3rd period - Patrick Brown is hit by J.J. Moser.
17:08 of 3rd period - Conor Garland is hit by Phillip Di Giuseppe and loses puck.
17:51 of 3rd period - Shot by Martin Necas.
17:51 of 3rd period - Goal by Martin Necas - RedWings : 2 - Canucks : 6.
17:52 of 3rd period - Nick Cousins wins face-off versus Frederick Gaudreau in neutral zone.
17:55 of 3rd period - Shot by Simon Holmstrom.
17:55 of 3rd period - Stopped by Kevin Lankinen with a rebound.
17:57 of 3rd period - Shot by Gustav Lindstrom.
17:57 of 3rd period - Shot Hit the Post.
17:59 of 3rd period - Shot by Gustav Lindstrom.
17:59 of 3rd period - Shot Misses the Net.
18:01 of 3rd period - Shot by Gustav Lindstrom.
18:01 of 3rd period - Stopped by Kevin Lankinen without a rebound.
18:02 of 3rd period - Ryan Nugent-Hopkins wins face-off versus Nick Cousins in Canucks zone.
18:41 of 3rd period - Icing by Simon Holmstrom.
18:42 of 3rd period - Nick Cousins wins face-off versus Brayden Point in RedWings zone.
18:59 of 3rd period - Shot by Brayden Point.
18:59 of 3rd period - Stopped by Hunter Shepard with a rebound.
19:05 of 3rd period - Shot by Mitch Marner.
19:05 of 3rd period - Stopped by Hunter Shepard with a rebound.
19:07 of 3rd period - Shot by Brayden Point.
19:07 of 3rd period - Stopped by Hunter Shepard with a rebound.
19:09 of 3rd period - Shot by Brayden Point.
19:09 of 3rd period - Stopped by Hunter Shepard without a rebound.
19:10 of 3rd period - David Pastrnak wins face-off versus Frederick Gaudreau in RedWings zone.
19:12 of 3rd period - Icing by Erik Karlsson.
19:13 of 3rd period - Mark Scheifele wins face-off versus Ryan Nugent-Hopkins in RedWings zone.
19:32 of 3rd period - Mark Scheifele is hit by Morgan Rielly.
19:47 of 3rd period - Samuel Girard is hit by Mark Giordano and loses puck.
19:54 of 3rd period - Shot by Jason Zucker.
19:54 of 3rd period - Shot Misses the Net.
19:58 of 3rd period - Shot by Ryan Nugent-Hopkins.
19:58 of 3rd period - Stopped by Hunter Shepard without a rebound.
19:59 of 3rd period - Brayden Point wins face-off versus Nick Foligno in RedWings zone.
19:59 of 3rd period - Mitch Marner is hit by Gustav Lindstrom and loses puck.
Goals for this period are 1 for RedWings vs 1 for Canucks.
Shots for this period are 7 for RedWings vs 18 for Canucks.